Blues vs Canucks

Created - March-02-14 at 09:59

Goals
1 2 3 T
Blues 1 1 2 4
Canucks 3 1 2 6
Shots
1 2 3 T
Blues 6 8 10 24
Canucks 10 5 10 25

1st period

1. Canucks , Andrei Loktionov 1 (Alex Pietrangelo) at 3:07
2. Canucks , Phil Kessel 23 (Claude Giroux) at 4:53 (PP)
3. Blues , Daniel Sedin 28 (Dan Hamhuis, Carl Gunnarsson) at 6:19 (PP)
4. Canucks , Mikko Koivu 19 (Ryan OReilly) at 15:16

Penalties :
Dan Hamhuis (STL) for Tripping (Minor) at 4:51, Dmitry Kulikov (VAN) for Holding (Minor) at 5:09, Jeff Petry (STL) for High sticking (Minor) at 19:12, Carl Gunnarsson (STL) for Roughing (Minor) at 19:49

2nd period

5. Canucks , Jonas Brodin 8 (Adam Henrique) at 11:24
6. Blues , Rick Nash 36 (Daniel Sedin, Mark Fayne) at 19:48

Penalties :
Olli Jokinen (STL) for Holding (Minor) at 17:10, Scott Hartnell (VAN) for Hooking (Minor) at 19:59

3rd period

7. Blues , Henrik Zetterberg 24 (Jussi Jokinen, Carl Gunnarsson) at 5:47
8. Canucks , Mikko Koivu 20 (Alex Pietrangelo, Ryan OReilly) at 7:24
9. Blues , Christopher Higgins 18 (Mark Fayne, David Clarkson) at 8:05
10. Canucks , Adam Henrique 14 (Matt Carle, Jonas Brodin) at 16:52

Penalties :
Mark Fayne (STL) for Hooking (Minor) at 0:50, Scott Hartnell (VAN) for Tripping (Minor) at 9:05, Brenden Morrow (STL) for High sticking (Minor) at 12:35

Goalie Stats

Sergei Bobrovsky (STL), 14 saves from 19 shots - (0.737), L, 41-8-5, 47:24 minutes
Mathieu Garon (STL), 5 saves from 6 shots - (0.833), 12:36 minutes
Jake Allen (VAN), 20 saves from 24 shots - (0.833), W, 5-4-1, 60:00 minutes

Players Stats for Blues

Player Name              G  A  P  +/- PIM S  H  SB GA TA FO     MP     PP MP  PK MP  
------------------------------------------------------------------------------------
Adrian Aucoin            0  0  0   0  0   0  0  0  0  0  0/0     0:00   0:00   0:00 
Brenden Morrow           0  0  0  -2  2   2  5  0  0  0  1/1    15:04   1:21   0:00 
Carl Gunnarsson          0  2  2  -2  2   1  2  1  0  0  0/0    19:44   1:51   1:58 
Christopher Higgins      1  0  1   1  0   2  0  0  0  0  0/3    18:09   0:00   3:55 
Dan Hamhuis              0  1  1  -2  2   1  1  2  0  0  0/0    22:33   1:51   3:54 
Daniel Sedin             1  1  2   1  0   3  1  0  0  0  1/1    17:25   2:39   0:00 
David Clarkson           0  1  1   1  0   2  2  0  0  0  2/4    17:27   1:21   1:52 
David Jones              0  0  0  -2  0   0  0  0  0  0  0/0     4:41   0:00   0:00 
Henrik Zetterberg        1  0  1  -4  0   5  1  0  0  0  10/26  20:40   2:13   0:02 
Jeff Petry               0  0  0  -2  2   0  1  1  0  0  0/0    18:46   0:00   0:50 
Jussi Jokinen            0  1  1  -2  0   1  0  0  0  0  1/6    18:50   1:21   2:37 
Mark Fayne               0  2  2   2  2   3  0  0  0  0  0/0    20:57   2:08   3:00 
Olli Jokinen             0  0  0   1  2   1  2  0  0  0  5/19   16:37   0:26   1:58 
Patric Hornqvist         0  0  0  -2  0   0  1  0  0  0  0/0     4:41   0:00   0:00 
Rick Nash                1  0  1   1  0   2  1  0  0  0  4/5    21:41   2:39   3:08 
Sami Salo                0  0  0  -2  0   0  2  0  0  0  0/0    21:25   2:09   4:29 
Tom Gilbert              0  0  0   2  0   0  1  0  0  0  0/0    16:31   0:00   0:42 
Travis Zajac             0  0  0   1  0   1  0  0  0  0  7/16   14:46   0:00   0:00 

Players Stats for Canucks

Player Name              G  A  P  +/- PIM S  H  SB GA TA FO     MP     PP MP  PK MP  
------------------------------------------------------------------------------------
Adam Henrique            1  1  2   1  0   3  0  0  0  0  10/14  13:53   0:15   0:46 
Alex Chiasson            0  0  0  -1  0   1  0  0  0  0  2/2    17:26   3:05   0:00 
Alex Pietrangelo         0  2  2   2  0   2  2  0  0  0  0/0    25:30   4:33   1:21 
Andrei Loktionov         1  0  1   0  0   1  0  0  0  0  0/0     5:42   0:00   0:00 
Claude Giroux            0  1  1  -1  0   4  1  0  0  0  15/21  18:28   4:07   0:00 
Dmitry Kulikov           0  0  0   0  2   1  4  1  0  0  0/0    13:04   0:00   0:00 
Erik Karlsson            0  0  0   1  0   0  4  3  0  0  0/0    21:38   4:33   0:00 
Jonas Brodin             1  1  2   0  0   1  0  1  0  0  0/0    18:31   0:00   2:39 
Justin Braun             0  0  0   0  0   1  0  2  0  0  0/0    15:16   0:00   2:39 
Lars Eller               0  0  0   1  0   1  0  0  0  0  1/1    17:28   2:54   3:14 
Logan Couture            0  0  0  -1  0   0  1  1  0  0  0/2    18:28   4:07   0:00 
Marcus Kruger            0  0  0   0  0   1  0  0  0  0  3/8     7:43   0:00   0:46 
Matt Carle               0  1  1   1  0   1  1  1  0  0  0/0    23:06   2:54   1:21 
Mikko Koivu              2  0  2   2  0   2  5  0  0  0  16/27  21:06   3:20   2:11 
Phil Kessel              1  0  1   2  0   4  1  0  0  0  0/1    19:42   4:07   0:00 
Ryan Johansen            0  0  0   0  0   1  0  0  0  0  1/1     9:22   3:20   0:00 
Ryan OReilly             0  2  2   2  0   0  2  0  0  0  1/3    16:41   0:00   1:03 
Scott Hartnell           0  0  0   1  4   1  0  0  0  0  1/1    11:45   0:00   0:00 

3 Stars

1 - Mikko Koivu (VAN)
2 - Daniel Sedin (STL)
3 - Adam Henrique (VAN)

Power Play

Blues - 1 on 3 Attempt(s) - 33.33%
Canucks - 1 on 6 Attempt(s) - 16.67%

Penalty Kill

Blues - 5 on 6 Attempt(s) - 83.33% - Score 0 goal in Penalty Kill
Canucks - 2 on 3 Attempt(s) - 66.67% - Score 0 goal in Penalty Kill

Official

Referees : Brian Pochmara and Brad Meier
Linesman : Derek Nansen and Steve Barton

Game Notes

Mathieu Garon enters game at 7:24 of 3rd period

Finance

Level 1 -- Attendance: 6500 (100.00%) -- Ticket Income $520,000
Level 2 -- Attendance: 4595 (91.90%) -- Ticket Income $298,675
Level 3 -- Attendance: 3500 (100.00%) -- Ticket Income $175,000
Level 4 -- Attendance: 2827 (98.85%) -- Ticket Income $70,675
Luxury Box -- Attendance: 669 (66.90%) -- Ticket Income $167,250
Game was played at the Rogers Arena
Total Attendance: 18091 (95.92%)
Total Ticket Income: $1,231,600
Other Income: $184,740
Total Income: $1,416,340


% Time on Ice - Blues

Lines # - Real PCT - Wanted PCT - Time Play
Normal Forward
1 - 31% - 32% - 14:46
2 - 29% - 30% - 13:44
3 - 30% - 26% - 14:14
4 - 10% - 12% - 4:41
Normal Defense
1 - 32% - 33% - 14:57
2 - 31% - 32% - 14:47
3 - 33% - 26% - 15:49
4 - 4% - 9% - 1:52
PP Forward
1 - 66% - 50% - 2:39
2 - 34% - 50% - 1:21
PP Defense
1 - 46% - 60% - 1:51
2 - 54% - 40% - 2:09
PK Forward
1 - 50% - 50% - 3:03
2 - 50% - 50% - 3:02
PK Defense
1 - 46% - 60% - 2:47
2 - 54% - 40% - 3:18
PK3 Forward
1 - 65% - 55% - 0:53
2 - 35% - 45% - 0:29
PK3 Defense
1 - 44% - 60% - 0:36
2 - 56% - 40% - 0:46
44 Forward
1 - 100% - 58% - 1:08
2 - 0% - 42% - 0:00
44 Defense
1 - 100% - 60% - 1:08
2 - 0% - 40% - 0:00
Last Minute Offensive  - 0:00
Last Minute Defensive  - 0:00
Total
Forward - 60:00
Defense - 60:00

% Time on Ice - Canucks

Lines # - Real PCT - Wanted PCT - Time Play
Normal Forward
1 - 33% - 34% - 15:35
2 - 30% - 30% - 14:21
3 - 25% - 26% - 11:47
4 - 12% - 10% - 5:42
Normal Defense
1 - 36% - 34% - 17:05
2 - 33% - 32% - 15:25
3 - 26% - 25% - 12:17
4 - 6% - 9% - 2:38
PP Forward
1 - 55% - 60% - 4:07
2 - 45% - 40% - 3:20
PP Defense
1 - 61% - 62% - 4:33
2 - 39% - 38% - 2:54
PK Forward
1 - 81% - 60% - 3:14
2 - 19% - 40% - 0:46
PK Defense
1 - 34% - 50% - 1:21
2 - 66% - 50% - 2:39
PK3 Forward
1 - 0% - 60%
2 - 0% - 40%
PK3 Defense
1 - 0% - 60%
2 - 0% - 40%
44 Forward
1 - 100% - 52% - 1:08
2 - 0% - 48% - 0:00
44 Defense
1 - 29% - 51% - 0:20
2 - 71% - 49% - 0:48
Last Minute Offensive  - 0:00
Last Minute Defensive  - 0:00
Total
Forward - 60:00
Defense - 60:00

Play by Play

1st period


0:01 of 1st period - Rick Nash wins face-off versus Mikko Koivu in neutral zone.
0:04 of 1st period - Shot by Jeff Petry.
0:04 of 1st period - Shot Misses the Net.
0:25 of 1st period - Jeff Petry is hit by Mikko Koivu.
0:54 of 1st period - Icing by Daniel Sedin.
0:55 of 1st period - Adam Henrique wins face-off versus Travis Zajac in Blues zone.
0:55 of 1st period - Matt Carle is hit by Jeff Petry and loses puck.
1:34 of 1st period - Shot by Lars Eller.
1:34 of 1st period - Shot Misses the Net.
1:36 of 1st period - Shot by Lars Eller.
1:36 of 1st period - Stopped by Sergei Bobrovsky without a rebound.
1:37 of 1st period - Claude Giroux wins face-off versus Olli Jokinen in Blues zone.
1:45 of 1st period - Icing by Mark Fayne.
1:46 of 1st period - Olli Jokinen wins face-off versus Claude Giroux in Blues zone.
1:46 of 1st period - Olli Jokinen is hit by Logan Couture.
2:07 of 1st period - Christopher Higgins is hit by Dmitry Kulikov.
3:07 of 1st period - Shot by Andrei Loktionov.
3:07 of 1st period - Goal by Andrei Loktionov - Blues : 0 - Canucks : 1.
3:08 of 1st period - Travis Zajac wins face-off versus Mikko Koivu in neutral zone.
3:10 of 1st period - Off-side.
3:11 of 1st period - Rick Nash wins face-off versus Mikko Koivu in neutral zone.
3:21 of 1st period - Shot by Phil Kessel.
3:21 of 1st period - Stopped by Sergei Bobrovsky without a rebound.
3:22 of 1st period - Adam Henrique wins face-off versus Henrik Zetterberg in Blues zone.
3:31 of 1st period - Shot by Lars Eller.
3:31 of 1st period - Shot Misses the Net.
3:33 of 1st period - Shot by Alex Pietrangelo.
3:33 of 1st period - Shot Misses the Net.
3:35 of 1st period - Shot by Alex Pietrangelo.
3:35 of 1st period - Shot Misses the Net.
3:55 of 1st period - Icing by Alex Pietrangelo.
3:56 of 1st period - Lars Eller wins face-off versus Olli Jokinen in Canucks zone.
3:56 of 1st period - Lars Eller is hit by Olli Jokinen.
4:51 of 1st period - Minor Penalty to Dan Hamhuis for Tripping.
4:52 of 1st period - Claude Giroux wins face-off versus Henrik Zetterberg in Blues zone.
4:53 of 1st period - Shot by Phil Kessel.
4:53 of 1st period - Goal by Phil Kessel - Blues : 0 - Canucks : 2.
4:54 of 1st period - Henrik Zetterberg wins face-off versus Claude Giroux in neutral zone.
4:57 of 1st period - Shot by Brenden Morrow.
4:57 of 1st period - Stopped by Jake Allen with a rebound.
5:08 of 1st period - Henrik Zetterberg is hit by Dmitry Kulikov.
5:09 of 1st period - Minor Penalty to Dmitry Kulikov for Holding.
5:10 of 1st period - Mikko Koivu wins face-off versus Henrik Zetterberg in Canucks zone.
5:31 of 1st period - Shot by Carl Gunnarsson.
5:31 of 1st period - Stopped by Jake Allen without a rebound.
5:32 of 1st period - Mikko Koivu wins face-off versus Jussi Jokinen in Canucks zone.
5:49 of 1st period - Shot by Jussi Jokinen.
5:49 of 1st period - Shot Misses the Net.
5:51 of 1st period - Shot by Mark Fayne.
5:51 of 1st period - Stopped by Jake Allen without a rebound.
5:52 of 1st period - Henrik Zetterberg wins face-off versus Marcus Kruger in Canucks zone.
6:01 of 1st period - Shot by Dan Hamhuis.
6:01 of 1st period - Shot Hit the Post.
6:19 of 1st period - Shot by Daniel Sedin.
6:19 of 1st period - Goal by Daniel Sedin - Blues : 1 - Canucks : 2.
6:20 of 1st period - Mikko Koivu wins face-off versus Olli Jokinen in neutral zone.
7:04 of 1st period - Tom Gilbert is hit by Mikko Koivu.
7:24 of 1st period - Justin Braun is hit by David Clarkson and loses puck.
7:49 of 1st period - Shot by Claude Giroux.
7:49 of 1st period - Stopped by Sergei Bobrovsky without a rebound.
7:50 of 1st period - Marcus Kruger wins face-off versus Travis Zajac in Blues zone.
9:03 of 1st period - Jussi Jokinen is hit by Alex Pietrangelo and loses puck.
9:14 of 1st period - Shot by Jussi Jokinen.
9:14 of 1st period - Stopped by Jake Allen without a rebound.
9:15 of 1st period - Mikko Koivu wins face-off versus Henrik Zetterberg in Canucks zone.
9:15 of 1st period - Mikko Koivu is hit by Patric Hornqvist.
9:26 of 1st period - Shot by Phil Kessel.
9:26 of 1st period - Stopped by Sergei Bobrovsky without a rebound.
9:27 of 1st period - Claude Giroux wins face-off versus Henrik Zetterberg in Blues zone.
10:04 of 1st period - Icing by Dan Hamhuis.
10:05 of 1st period - Mikko Koivu wins face-off versus Henrik Zetterberg in Blues zone.
10:22 of 1st period - Shot by Mikko Koivu.
10:22 of 1st period - Shot Misses the Net.
10:24 of 1st period - Shot by Dmitry Kulikov.
10:24 of 1st period - Shot Misses the Net.
10:43 of 1st period - Shot by Mikko Koivu.
10:43 of 1st period - Shot Misses the Net.
10:45 of 1st period - Shot by Justin Braun.
10:45 of 1st period - Stopped by Sergei Bobrovsky without a rebound.
10:46 of 1st period - Adam Henrique wins face-off versus Christopher Higgins in Blues zone.
11:17 of 1st period - Scott Hartnell is hit by Olli Jokinen and loses puck.
11:37 of 1st period - Jonas Brodin is hit by Carl Gunnarsson and loses puck.
11:47 of 1st period - Off-side.
11:48 of 1st period - Henrik Zetterberg wins face-off versus Claude Giroux in neutral zone.
12:02 of 1st period - Icing by Brenden Morrow.
12:03 of 1st period - Henrik Zetterberg wins face-off versus Mikko Koivu in Blues zone.
12:32 of 1st period - Ryan OReilly is hit by Brenden Morrow and loses puck.
14:28 of 1st period - Icing by Mark Fayne.
14:29 of 1st period - Olli Jokinen wins face-off versus Mikko Koivu in Blues zone.
14:29 of 1st period - Olli Jokinen is hit by Ryan OReilly.
14:37 of 1st period - Shot by Olli Jokinen.
14:37 of 1st period - Shot Hit the Post.
14:39 of 1st period - Shot by David Clarkson.
14:39 of 1st period - Shot Blocked by Justin Braun.
14:41 of 1st period - Shot by Christopher Higgins.
14:41 of 1st period - Shot Misses the Net.
14:46 of 1st period - Icing by Mikko Koivu.
14:47 of 1st period - Henrik Zetterberg wins face-off versus Mikko Koivu in Canucks zone.
14:50 of 1st period - Shot by Patric Hornqvist.
14:50 of 1st period - Shot Misses the Net.
15:16 of 1st period - Shot by Mikko Koivu.
15:16 of 1st period - Goal by Mikko Koivu - Blues : 1 - Canucks : 3.
15:17 of 1st period - Daniel Sedin wins face-off versus Marcus Kruger in neutral zone.
15:24 of 1st period - Shot by Daniel Sedin.
15:24 of 1st period - Shot Misses the Net.
15:26 of 1st period - Shot by Sami Salo.
15:26 of 1st period - Shot Misses the Net.
16:36 of 1st period - Alex Pietrangelo is hit by Brenden Morrow.
17:32 of 1st period - Shot by Mark Fayne.
17:32 of 1st period - Stopped by Jake Allen with a rebound.
18:14 of 1st period - Icing by Ryan OReilly.
18:15 of 1st period - Mikko Koivu wins face-off versus Travis Zajac in Canucks zone.
18:22 of 1st period - Rick Nash is hit by Mikko Koivu and loses puck.
19:03 of 1st period - Shot by Adam Henrique.
19:03 of 1st period - Deflect By Scott Hartnell.
19:03 of 1st period - Stopped by Sergei Bobrovsky without a rebound.
19:04 of 1st period - Adam Henrique wins face-off versus Henrik Zetterberg in Blues zone.
19:12 of 1st period - Minor Penalty to Jeff Petry for High sticking.
19:13 of 1st period - Claude Giroux wins face-off versus Jussi Jokinen in Blues zone.
19:34 of 1st period - Shot by Claude Giroux.
19:34 of 1st period - Stopped by Sergei Bobrovsky without a rebound.
19:35 of 1st period - Olli Jokinen wins face-off versus Mikko Koivu in Blues zone.
19:49 of 1st period - Minor Penalty to Carl Gunnarsson for Roughing.
19:50 of 1st period - Mikko Koivu wins face-off versus Christopher Higgins in Blues zone.
Goals for this period are 1 for Blues vs 3 for Canucks.
Shots for this period are 6 for Blues vs 10 for Canucks.

2nd period


0:01 of 2nd period - Claude Giroux wins face-off versus Christopher Higgins in neutral zone.
1:58 of 2nd period - Shot by Adam Henrique.
1:58 of 2nd period - Shot Misses the Net.
2:07 of 2nd period - Adam Henrique is hit by Carl Gunnarsson.
2:13 of 2nd period - Shot by Justin Braun.
2:13 of 2nd period - Shot Blocked by Carl Gunnarsson.
2:15 of 2nd period - Shot by Dmitry Kulikov.
2:15 of 2nd period - Stopped by Sergei Bobrovsky without a rebound.
2:16 of 2nd period - Travis Zajac wins face-off versus Ryan OReilly in Blues zone.
2:16 of 2nd period - Travis Zajac is hit by Ryan OReilly.
2:22 of 2nd period - Matt Carle is hit by Daniel Sedin and loses puck.
3:06 of 2nd period - Icing by Erik Karlsson.
3:07 of 2nd period - Henrik Zetterberg wins face-off versus Adam Henrique in Canucks zone.
4:06 of 2nd period - Shot by David Clarkson.
4:06 of 2nd period - Shot Misses the Net.
4:08 of 2nd period - Shot by David Clarkson.
4:08 of 2nd period - Stopped by Jake Allen with a rebound.
4:10 of 2nd period - Shot by Sami Salo.
4:10 of 2nd period - Shot Blocked by Erik Karlsson.
4:12 of 2nd period - Shot by David Clarkson.
4:12 of 2nd period - Shot Misses the Net.
4:28 of 2nd period - Shot by David Clarkson.
4:28 of 2nd period - Stopped by Jake Allen without a rebound.
4:29 of 2nd period - Travis Zajac wins face-off versus Logan Couture in Canucks zone.
4:29 of 2nd period - Dan Hamhuis is hit by Matt Carle.
4:35 of 2nd period - Jonas Brodin is hit by Rick Nash and loses puck.
6:22 of 2nd period - Off-side.
6:23 of 2nd period - Olli Jokinen wins face-off versus Marcus Kruger in neutral zone.
6:38 of 2nd period - Shot by Christopher Higgins.
6:38 of 2nd period - Shot Blocked by Erik Karlsson.
6:40 of 2nd period - Shot by Olli Jokinen.
6:40 of 2nd period - Shot Misses the Net.
6:42 of 2nd period - Shot by Olli Jokinen.
6:42 of 2nd period - Stopped by Jake Allen with a rebound.
6:44 of 2nd period - Shot by David Clarkson.
6:44 of 2nd period - Shot Blocked by Erik Karlsson.
6:46 of 2nd period - Shot by Christopher Higgins.
6:46 of 2nd period - Stopped by Jake Allen without a rebound.
6:47 of 2nd period - Adam Henrique wins face-off versus Travis Zajac in Canucks zone.
6:59 of 2nd period - Icing by Matt Carle.
7:00 of 2nd period - Adam Henrique wins face-off versus Olli Jokinen in Canucks zone.
8:10 of 2nd period - Henrik Zetterberg is hit by Erik Karlsson and loses puck.
8:34 of 2nd period - Icing by Henrik Zetterberg.
8:35 of 2nd period - Claude Giroux wins face-off versus Henrik Zetterberg in Blues zone.
8:58 of 2nd period - Shot by Travis Zajac.
8:58 of 2nd period - Shot Misses the Net.
9:06 of 2nd period - Shot by Daniel Sedin.
9:06 of 2nd period - Shot Misses the Net.
10:15 of 2nd period - Shot by Adam Henrique.
10:15 of 2nd period - Shot Misses the Net.
10:22 of 2nd period - Icing by Mark Fayne.
10:23 of 2nd period - Mikko Koivu wins face-off versus Olli Jokinen in Blues zone.
10:34 of 2nd period - Tom Gilbert is hit by Mikko Koivu and loses puck.
11:22 of 2nd period - Icing by Dan Hamhuis.
11:23 of 2nd period - Adam Henrique wins face-off versus Henrik Zetterberg in Blues zone.
11:24 of 2nd period - Shot by Jonas Brodin.
11:24 of 2nd period - Goal by Jonas Brodin - Blues : 1 - Canucks : 4.
11:25 of 2nd period - Adam Henrique wins face-off versus Henrik Zetterberg in neutral zone.
11:35 of 2nd period - Icing by Dan Hamhuis.
11:36 of 2nd period - Henrik Zetterberg wins face-off versus Claude Giroux in Blues zone.
11:36 of 2nd period - Jeff Petry is hit by Claude Giroux and loses puck.
11:55 of 2nd period - Shot by Henrik Zetterberg.
11:55 of 2nd period - Stopped by Jake Allen without a rebound.
11:56 of 2nd period - Mikko Koivu wins face-off versus Travis Zajac in Canucks zone.
12:46 of 2nd period - Icing by Carl Gunnarsson.
12:47 of 2nd period - Claude Giroux wins face-off versus Travis Zajac in Blues zone.
13:30 of 2nd period - Shot by Henrik Zetterberg.
13:30 of 2nd period - Stopped by Jake Allen with a rebound.
13:32 of 2nd period - Shot by Brenden Morrow.
13:32 of 2nd period - Shot Blocked by Logan Couture.
13:36 of 2nd period - Shot by Henrik Zetterberg.
13:36 of 2nd period - Stopped by Jake Allen with a rebound.
14:22 of 2nd period - Shot by David Clarkson.
14:22 of 2nd period - Shot Blocked by Matt Carle.
14:27 of 2nd period - Jonas Brodin is hit by Tom Gilbert.
14:55 of 2nd period - Christopher Higgins is hit by Erik Karlsson and loses puck.
15:08 of 2nd period - Alex Pietrangelo is hit by Henrik Zetterberg and loses puck.
16:19 of 2nd period - Icing by Dmitry Kulikov.
16:20 of 2nd period - Henrik Zetterberg wins face-off versus Adam Henrique in Canucks zone.
17:10 of 2nd period - Minor Penalty to Olli Jokinen for Holding.
17:11 of 2nd period - Claude Giroux wins face-off versus David Clarkson in Blues zone.
17:45 of 2nd period - Shot by Alex Pietrangelo.
17:45 of 2nd period - Stopped by Sergei Bobrovsky without a rebound.
17:46 of 2nd period - Ryan Johansen wins face-off versus Jussi Jokinen in Blues zone.
17:51 of 2nd period - Shot by Alex Pietrangelo.
17:51 of 2nd period - Stopped by Sergei Bobrovsky without a rebound.
17:52 of 2nd period - Mikko Koivu wins face-off versus David Clarkson in Blues zone.
17:52 of 2nd period - Ryan Johansen is hit by Dan Hamhuis and loses puck.
18:09 of 2nd period - Shot by Lars Eller.
18:09 of 2nd period - Shot Blocked by Dan Hamhuis.
18:11 of 2nd period - Shot by Matt Carle.
18:11 of 2nd period - Shot Misses the Net.
18:13 of 2nd period - Shot by Lars Eller.
18:13 of 2nd period - Shot Blocked by Dan Hamhuis.
18:15 of 2nd period - Shot by Matt Carle.
18:15 of 2nd period - Shot Misses the Net.
18:17 of 2nd period - Shot by Ryan Johansen.
18:17 of 2nd period - Stopped by Sergei Bobrovsky without a rebound.
18:18 of 2nd period - Claude Giroux wins face-off versus Jussi Jokinen in Blues zone.
18:38 of 2nd period - Icing by Claude Giroux.
18:39 of 2nd period - David Clarkson wins face-off versus Claude Giroux in Canucks zone.
18:40 of 2nd period - Shot by Rick Nash.
18:40 of 2nd period - Shot Misses the Net.
19:48 of 2nd period - Shot by Rick Nash.
19:48 of 2nd period - Goal by Rick Nash - Blues : 2 - Canucks : 4.
19:49 of 2nd period - Scott Hartnell wins face-off versus Henrik Zetterberg in neutral zone.
19:59 of 2nd period - Minor Penalty to Scott Hartnell for Hooking.
Goals for this period are 1 for Blues vs 1 for Canucks.
Shots for this period are 8 for Blues vs 5 for Canucks.

3rd period


0:01 of 3rd period - Jussi Jokinen wins face-off versus Mikko Koivu in neutral zone.
0:16 of 3rd period - Shot by Dan Hamhuis.
0:16 of 3rd period - Stopped by Jake Allen with a rebound.
0:18 of 3rd period - Shot by Brenden Morrow.
0:18 of 3rd period - Stopped by Jake Allen without a rebound.
0:19 of 3rd period - Rick Nash wins face-off versus Mikko Koivu in Canucks zone.
0:19 of 3rd period - Rick Nash is hit by Alex Pietrangelo.
0:46 of 3rd period - Mikko Koivu is hit by Sami Salo and loses puck.
0:50 of 3rd period - Minor Penalty to Mark Fayne for Hooking.
0:51 of 3rd period - Rick Nash wins face-off versus Adam Henrique in Blues zone.
1:04 of 3rd period - Shot by Adam Henrique.
1:04 of 3rd period - Stopped by Sergei Bobrovsky with a rebound.
1:41 of 3rd period - Icing by Jeff Petry.
1:42 of 3rd period - Adam Henrique wins face-off versus Rick Nash in Blues zone.
2:23 of 3rd period - Shot by Phil Kessel.
2:23 of 3rd period - Deflect By Claude Giroux.
2:23 of 3rd period - Stopped by Sergei Bobrovsky without a rebound.
2:24 of 3rd period - Olli Jokinen wins face-off versus Mikko Koivu in Blues zone.
2:43 of 3rd period - Shot by Matt Carle.
2:43 of 3rd period - Stopped by Sergei Bobrovsky with a rebound.
2:50 of 3rd period - Icing by Lars Eller.
2:51 of 3rd period - Henrik Zetterberg wins face-off versus Phil Kessel in Canucks zone.
2:59 of 3rd period - Off-side.
3:00 of 3rd period - Henrik Zetterberg wins face-off versus Marcus Kruger in neutral zone.
3:05 of 3rd period - Shot by David Jones.
3:05 of 3rd period - Shot Misses the Net.
3:25 of 3rd period - Shot by Henrik Zetterberg.
3:25 of 3rd period - Stopped by Jake Allen without a rebound.
3:26 of 3rd period - Mikko Koivu wins face-off versus Travis Zajac in Canucks zone.
3:31 of 3rd period - Shot by Jonas Brodin.
3:31 of 3rd period - Shot Misses the Net.
4:31 of 3rd period - Icing by Alex Pietrangelo.
4:32 of 3rd period - Claude Giroux wins face-off versus Olli Jokinen in Canucks zone.
5:34 of 3rd period - Dmitry Kulikov is hit by Sami Salo and loses puck.
5:47 of 3rd period - Shot by Henrik Zetterberg.
5:47 of 3rd period - Goal by Henrik Zetterberg - Blues : 3 - Canucks : 4.
5:48 of 3rd period - Mikko Koivu wins face-off versus Travis Zajac in neutral zone.
5:58 of 3rd period - Icing by Dan Hamhuis.
5:59 of 3rd period - Marcus Kruger wins face-off versus Travis Zajac in Blues zone.
6:57 of 3rd period - Icing by Alex Pietrangelo.
6:58 of 3rd period - Ryan OReilly wins face-off versus Henrik Zetterberg in Canucks zone.
6:58 of 3rd period - Ryan OReilly is hit by Brenden Morrow.
7:24 of 3rd period - Shot by Mikko Koivu.
7:24 of 3rd period - Goal by Mikko Koivu - Blues : 3 - Canucks : 5.
7:24 of 3rd period - Mathieu Garon enters game.
7:25 of 3rd period - Claude Giroux wins face-off versus Olli Jokinen in neutral zone.
7:30 of 3rd period - Shot by Alex Chiasson.
7:30 of 3rd period - Stopped by Mathieu Garon without a rebound.
7:31 of 3rd period - Claude Giroux wins face-off versus Olli Jokinen in Blues zone.
7:52 of 3rd period - Claude Giroux is hit by David Clarkson and loses puck.
7:57 of 3rd period - Shot by Mark Fayne.
7:57 of 3rd period - Shot Blocked by Jonas Brodin.
8:01 of 3rd period - Shot by David Clarkson.
8:01 of 3rd period - Shot Misses the Net.
8:03 of 3rd period - Shot by Mark Fayne.
8:03 of 3rd period - Shot Misses the Net.
8:05 of 3rd period - Shot by Christopher Higgins.
8:05 of 3rd period - Goal by Christopher Higgins - Blues : 4 - Canucks : 5.
8:06 of 3rd period - Mikko Koivu wins face-off versus Jussi Jokinen in neutral zone.
8:15 of 3rd period - Shot by Phil Kessel.
8:15 of 3rd period - Stopped by Mathieu Garon with a rebound.
8:47 of 3rd period - Mikko Koivu is hit by Brenden Morrow and loses puck.
9:05 of 3rd period - Minor Penalty to Scott Hartnell for Tripping.
9:06 of 3rd period - Mikko Koivu wins face-off versus Olli Jokinen in Canucks zone.
9:15 of 3rd period - Shot by Daniel Sedin.
9:15 of 3rd period - Stopped by Jake Allen without a rebound.
9:16 of 3rd period - Mikko Koivu wins face-off versus Henrik Zetterberg in Canucks zone.
11:04 of 3rd period - Shot by Mark Fayne.
11:04 of 3rd period - Stopped by Jake Allen without a rebound.
11:05 of 3rd period - Alex Chiasson wins face-off versus Olli Jokinen in Canucks zone.
11:09 of 3rd period - Off-side.
11:10 of 3rd period - Claude Giroux wins face-off versus Olli Jokinen in neutral zone.
11:33 of 3rd period - Shot by Claude Giroux.
11:33 of 3rd period - Stopped by Mathieu Garon without a rebound.
11:34 of 3rd period - Travis Zajac wins face-off versus Marcus Kruger in Blues zone.
11:50 of 3rd period - Shot by Rick Nash.
11:50 of 3rd period - Stopped by Jake Allen without a rebound.
11:51 of 3rd period - Claude Giroux wins face-off versus Henrik Zetterberg in Canucks zone.
11:51 of 3rd period - Claude Giroux is hit by Brenden Morrow.
11:54 of 3rd period - Icing by Logan Couture.
11:55 of 3rd period - Claude Giroux wins face-off versus Henrik Zetterberg in Canucks zone.
12:35 of 3rd period - Minor Penalty to Brenden Morrow for High sticking.
12:36 of 3rd period - Mikko Koivu wins face-off versus Olli Jokinen in Blues zone.
12:48 of 3rd period - Icing by Mikko Koivu.
12:49 of 3rd period - Alex Chiasson wins face-off versus Olli Jokinen in Canucks zone.
13:15 of 3rd period - Shot by Mikko Koivu.
13:15 of 3rd period - Shot Misses the Net.
13:21 of 3rd period - Shot by Alex Pietrangelo.
13:21 of 3rd period - Shot Misses the Net.
13:47 of 3rd period - Dan Hamhuis is hit by Phil Kessel and loses puck.
14:47 of 3rd period - Shot by Marcus Kruger.
14:47 of 3rd period - Stopped by Mathieu Garon without a rebound.
14:48 of 3rd period - Adam Henrique wins face-off versus Henrik Zetterberg in Blues zone.
14:55 of 3rd period - Shot by Adam Henrique.
14:55 of 3rd period - Shot Blocked by Jeff Petry.
14:59 of 3rd period - Shot by Adam Henrique.
14:59 of 3rd period - Shot Misses the Net.
15:05 of 3rd period - Shot by Adam Henrique.
15:05 of 3rd period - Stopped by Mathieu Garon without a rebound.
15:06 of 3rd period - Travis Zajac wins face-off versus Mikko Koivu in Blues zone.
15:14 of 3rd period - Icing by Tom Gilbert.
15:15 of 3rd period - Travis Zajac wins face-off versus Ryan OReilly in Blues zone.
15:15 of 3rd period - Travis Zajac is hit by Mikko Koivu.
15:26 of 3rd period - Daniel Sedin is hit by Erik Karlsson and loses puck.
15:43 of 3rd period - Rick Nash is hit by Erik Karlsson and loses puck.
16:14 of 3rd period - Shot by Adam Henrique.
16:14 of 3rd period - Shot Misses the Net.
16:52 of 3rd period - Shot by Adam Henrique.
16:52 of 3rd period - Goal by Adam Henrique - Blues : 4 - Canucks : 6.
16:53 of 3rd period - David Clarkson wins face-off versus Claude Giroux in neutral zone.
16:58 of 3rd period - Shot by David Clarkson.
16:58 of 3rd period - Deflect By Olli Jokinen.
16:58 of 3rd period - Shot Misses the Net.
17:23 of 3rd period - Olli Jokinen is hit by Dmitry Kulikov and loses puck.
17:43 of 3rd period - Icing by Dmitry Kulikov.
17:44 of 3rd period - Travis Zajac wins face-off versus Logan Couture in Canucks zone.
17:45 of 3rd period - Shot by Mark Fayne.
17:45 of 3rd period - Shot Misses the Net.
17:47 of 3rd period - Shot by Daniel Sedin.
17:47 of 3rd period - Deflect By Rick Nash.
17:47 of 3rd period - Shot Misses the Net.
17:49 of 3rd period - Shot by Travis Zajac.
17:49 of 3rd period - Shot Blocked by Dmitry Kulikov.
17:55 of 3rd period - Shot by Travis Zajac.
17:55 of 3rd period - Shot Misses the Net.
18:04 of 3rd period - Rick Nash is hit by Dmitry Kulikov and loses puck.
18:07 of 3rd period - Shot by Travis Zajac.
18:07 of 3rd period - Deflect By Rick Nash.
18:07 of 3rd period - Shot Blocked by Justin Braun.
18:09 of 3rd period - Shot by Daniel Sedin.
18:09 of 3rd period - Stopped by Jake Allen without a rebound.
18:10 of 3rd period - Brenden Morrow wins face-off versus Adam Henrique in Canucks zone.
19:24 of 3rd period - Shot by Daniel Sedin.
19:24 of 3rd period - Shot Misses the Net.
19:26 of 3rd period - Shot by Travis Zajac.
19:26 of 3rd period - Stopped by Jake Allen without a rebound.
19:27 of 3rd period - Marcus Kruger wins face-off versus Olli Jokinen in Canucks zone.
Goals for this period are 2 for Blues vs 2 for Canucks.
Shots for this period are 10 for Blues vs 10 for Canucks.


Output by the SimonT Hockey Simulator (STHS) for Stephane Roy -- Original Page W3C XHTML 1.0 Valid
Hockey Simulator - Hockey Simulation - Hockey Manager